 Dungeon Crawl Stone Soup version 0.32-a0-360-gcd93b57ba1 (webtiles) character file.

Game seed: 151350580602695182

93454 NimblePilferer the Spry (level 15, -1/76 HPs)
             Began as a Spriggan Hunter on Feb 18, 2024.
             Was the Champion of Hepliaklqana.
             Slain by a vault guard
             ... wielding a +0 halberd
              (17 damage)
             ... on level 14 of the Dungeon.
             The game lasted 00:41:10 (26506 turns).

NimblePilferer the Spry (Spriggan Hunter)          Turns: 26506, Time: 00:41:11

Health: -1/76      AC:  8    Str:  7    XL:     15   Next: 60%
Magic:  21/23      EV: 38    Int: 12    God:    Hepliaklqana [******]
Gold:   2312       SH:  0    Dex: 31    Spells: 14/14 levels left

rFire   . . .        U - +1 arbalest (freeze)
rCold   . . .        (shield currently unavailable)
rNeg    . . .        M - +0 acid dragon scales
rPois   .            K - +1 hat
rElec   .            d - +0 cloak
rCorr   +            (gloves unavailable)
SInv    +            (boots unavailable)
Will    ++...        Q - amulet of regeneration
Stlth   ++++         E - +6 ring of dexterity
HPRegen 1.12/turn    J - ring of resist corrosion
MPRegen 0.18/turn

%: no passive effects
@: very quick
A: reduced essence, very small, no large weapons, unfitting armour, see
invisible, speed 3
a: Renounce Religion, Recall Ancestor, Ancestor Identity, Transference, Idealise


You were on level 14 of the Dungeon.
You worshipped Hepliaklqana.
Hepliaklqana was exalted by your worship.
You visited 4 branches of the dungeon, and saw 22 of its levels.
You also visited: Ossuary and Volcano.

You collected 3092 gold pieces.
You spent 780 gold pieces at shops.

Inventory:

Hand Weapons
 G - a +0 shortbow of draining
 U - a +1 arbalest of freezing (weapon)
Armour
 a - a +0 troll leather armour
 d - a +0 cloak (worn)
 K - a +1 hat (worn)
 M - +0 acid dragon scales (worn)
Jewellery
 A - a ring of flight
 E - a +6 ring of dexterity (left hand)
 J - a ring of resist corrosion (right hand)
 N - a ring of wizardry
 Q - an amulet of regeneration (around neck)
Talismans
 W - a granite talisman
Wands
 c - a wand of acid (22)
 i - a wand of iceblast (24)
 t - a wand of mindburst (44)
 B - a wand of flame (44)
 H - a wand of polymorph (12)
Scrolls
 b - 7 scrolls of enchant weapon
 f - 6 scrolls of vulnerability {!r}
 g - 6 scrolls of poison
 k - 7 scrolls of teleportation {@r3}
 l - 4 scrolls of noise
 m - 6 scrolls of fear
 p - 3 scrolls of immolation
 q - 4 scrolls of silence {!r}
 s - 3 scrolls of amnesia
 w - a scroll of brand weapon
 y - a scroll of enchant armour
 C - 3 scrolls of fog {@r2}
 V - a scroll of acquirement
 X - 2 scrolls of revelation {@r5}
 Y - 3 scrolls of torment
 Z - 2 scrolls of identify {@r1}
Potions
 e - 2 potions of mutation
 h - 6 potions of lignification
 j - 3 potions of haste {unknown}
 n - a potion of attraction {unknown}
 o - 2 potions of might {unknown}
 r - 4 potions of invisibility {unknown}
 u - 6 potions of heal wounds {unknown}
 v - 7 potions of cancellation
 x - 4 potions of resistance {unknown}
 z - 10 potions of curing {@q2}
 D - a potion of magic {unknown}
 F - a potion of ambrosia {unknown}
 I - 6 potions of brilliance {unknown}
 O - 4 potions of enlightenment {unknown}
 P - a potion of degeneration {unknown}
Miscellaneous
 R - a lightning rod (4/4)


   Skills:
 + Level 12.3 Fighting
 * Level 17.5 Ranged Weapons
 + Level 18.0 Dodging
 - Level 8.0 Stealth
 + Level 9.8 Invocations


You had 14 spell levels left.
You didn't know any spells.
Your spell library contained the following spells:

 Spells                   Type           Power      Damage    Failure   Level
 Magic Dart               Conj           0%         1d3       54%         1
 Sandblast                Erth           0%         2d4       54%         1
 Summon Small Mammal      Summ           0%         N/A       54%         1
 Blink                    Tloc           0%         N/A       67%         2
 Call Imp                 Summ           0%         N/A       67%         2
 Cigotuvi's Dreadful Rot  Necr/Alch/Air  0%         N/A       67%         2
 Call Canine Familiar     Summ           0%         N/A       88%         3
 Hailstorm                Conj/Ice       0%         3d5       88%         3
 Mephitic Cloud           Conj/Alch/Air  0%         N/A       88%         3
 Passwall                 Erth           0%         N/A       88%         3
 Stone Arrow              Conj/Erth      0%         3d7       88%         3
 Summon Ice Beast         Ice/Summ       0%         N/A       88%         3
 Brom's Barrelling Bould  Conj/Erth      0%         2d3       99%         4
 Ignite Poison            Fire/Alch      0%         N/A       99%         4
 Passage of Golubria      Tloc           0%         N/A       99%         4
 Summon Blazeheart Golem  Fire/Summ      0%         N/A       99%         4
 Freezing Cloud           Conj/Ice/Air   0%         6-21      100%        5
 Silence                  Hex/Air        0%         N/A       100%        5
 Summon Forest            Summ/Tloc      0%         N/A       100%        5
 Summon Mana Viper        Hex/Summ       0%         N/A       100%        5
 Conjure Ball Lightning   Conj/Air       0%         3x3d6     100%        6
 Sculpt Simulacrum        Ice/Alch       0%         N/A       100%        6
 Summon Cactus Giant      Summ           0%         N/A       100%        6
 Lehudib's Crystal Spear  Conj/Erth      0%         10d2      100%        8


Dungeon Overview and Level Annotations

Branches:
Dungeon (14/15)            Temple (1/1) D:5            Lair (5/5) D:10
 Shoals (0/4) Lair:3       Spider (0/4) Lair:3        Slime (0/5) Lair:4
    Orc (2/2) D:10            Elf (0/3) Orc:2       Ossuary (visited)
Volcano (visited)
 Vaults: D:13-14

Altars:
Ashenzari
Cheibriados
Dithmenos
Elyvilon
Fedhas
Gozag
Hepliaklqana
Kikubaaqudgha
Makhleb
Nemelex Xobeh
Okawaru
Qazlal
Ru
Sif Muna
Trog
Uskayaw
Vehumet
Wu Jian
Xom
Yredelemnul
Zin
The Shining One
Jiyva

Shops:
Orc:1 *   Orc:2 ?=(:

Portals:
Trove: D:10 (give 8 scrolls of fear)

Annotations:
D:6 2 transporters
D:13 3 runed translucent doors, Rucoj Isk's ghost, journeyman DrSh
Lair:4 bmj180's ghost, journeyman HuCj


Innate Abilities, Weirdness & Mutations

Your life essence is reduced to manifest your ancestor. (-10% HP)
You are very small and have problems with some larger weapons.
You are too small for most types of armour.
You have supernaturally acute eyesight. (SInv)
You cover ground extremely quickly. (Speed+++)


Message History

Souptij completely misses the human.
Souptij misses the deep elf pyromancer.
You shoot a bolt.
The bolt completely misses the deep elf pyromancer.
Souptij avoids your attack.
The deep elf pyromancer barely misses you.
The ironbound frostheart calls freezing cold from the walls.
The frost grips you!
You are encased in ice.
You shoot a bolt. The bolt hits the deep elf pyromancer.
The bolt freezes the deep elf pyromancer.
The deep elf pyromancer is lightly wounded.
Souptij hits the deep elf pyromancer with a +0 broad axe of flaming!
Souptij burns the deep elf pyromancer.
The human barely misses you.
The deep elf pyromancer gestures wildly while chanting.
The deep elf pyromancer blinks!
You shoot a bolt. The bolt hits the human!
The bolt freezes the human.
The human is heavily wounded.
The ice encasing you melts away. The human completely misses you.
You shoot a bolt. The bolt hits the deep elf pyromancer!!
The bolt freezes the deep elf pyromancer!
You kill the deep elf pyromancer!
The human closely misses you.
The ironbound frostheart calls freezing cold from the walls.
The frost grips you!!
You are encased in ice.
The frost grips Souptij!
Souptij resists.
Souptij is destroyed!
The ironbound frostheart calls freezing cold from the walls.
The frost grips you!!
* * * LOW HITPOINT WARNING * * *
Things that are here:
a +0 short sword; an elf corpse The human attacks as it pursues you!
The human completely misses you. The ice encasing you melts away.
The vault guard attacks as it pursues you!
The vault guard hits you from afar with a +0 halberd!
You die...
Hepliaklqana delivers you to your ancestors.

#.# #.# # #.# #.# #
####.###.# # ###..#.##..# #
##...)'..#.## ########
....†.'.....## #.......
#...†p.#..).## #.###### ###
#..)p...########.# # #.#
##.##p)@..........#
#.###..###...#######..######
#..#..## ##.## #..........
#....## #.# #.#..#####.
#.#.## #.# #.#..# #. #.#.#
#.# #.#..#####.
#.#.#######.######.#....#...
#....................##...##
##################..####.###


You could see a vault guard, an ironbound frostheart and a human.

Vanquished Creatures
  Rupert (Lair:4)
  Kirke (D:13)
  A dire elephant (Lair:4)
  An ettin (Orc:2)
  Snorg (Lair:5)
  2 hydras
  A catoblepas (Lair:1)
  5 centaur warriors
  4 boulder beetles
  A dancing weapon (Volcano)
  A two-headed ogre (D:11)
  A deep troll earth mage (D:13)
  4 orc high priests (Orc:2)
  An occultist (D:14)
  A skyshark (Lair:5)
  Amaemon (Lair:1)
  A skeletal warrior (D:11)
  2 spectral death yaks (Lair:4)
  A sea snake (shapeshifter) (D:13)
  An arcanist (D:13)
  A mana viper (shapeshifter) (D:13)
  A lindwurm (Lair:5)
  Pikel (D:4)
  4 orc knights
  2 deep elf pyromancers
  7 ugly things
  7 orc sorcerers
  2 cyclopes (D:12)
  4 kobold blastminers
  A manticore (D:11)
  18 elephants
  A torpor snail (Lair:5)
  4 toenail golems (Volcano)
  5 black mambas
  2 unseen horrors
  A gargoyle (D:11)
  8 cane toads
  A molten gargoyle (Lair:5)
  10 komodo dragons
  A hornet (D:8)
  7 trolls
  2 raiju (D:9)
  10 blink frogs
  A centaur simulacrum (D:14)
  A snapping turtle (Lair:3)
  2 slime creatures (D:13)
  A spectral black mamba (Lair:4)
  Sigmund (D:6)
  3 shadows
  A vampire (D:13)
  2 wyverns
  7 basilisks
  37 yaks
  3 water elementals (D:12)
  A wraith (D:12)
  A hog (D:13)
  Eustachio (D:3)
  A steam dragon (Lair:5)
  9 humans
  A warg (Orc:2)
  Menkaure (D:5)
  4 acid dragons
  Edmund (D:4)
  2 hell hounds (Lair:5)
  3 water moccasins
  Duvessa (D:5)
  A hydra simulacrum (Lair:4)
  2 black bears
  2 sky beasts (D:6)
  11 orc warriors
  2 laughing skulls (D:14)
  4 ogres
  16 wolves
  12 centaurs
  2 phantoms (D:6)
  5 elf zombies (Ossuary)
  4 lemures
  A kobold brigand (D:8)
  11 bullfrogs
  A gnoll sergeant (D:6)
  7 scorpions
  Dowan (D:5)
  7 wights
  2 killer bees (D:10)
  9 electric eels
  3 howler monkeys
  3 lava snakes (Lair:5)
  2 bombardier beetles
  A human zombie (Ossuary)
  4 jellies
  3 quasits (D:5)
  4 centaur zombies (Ossuary)
  6 hounds
  18 orc priests
  29 orc wizards
  Ijyb (D:5)
  4 sleepcaps
  3 iguanas
  A crocodile zombie (Ossuary)
  2 hound zombies (D:4)
  2 hound skeletons (D:4)
  3 mummies (Ossuary)
  12 gnolls
  7 adders
  A shadow imp (D:6)
  3 white imps
  An ufetubus (D:6)
  2 adder zombies (D:4)
  An adder skeleton (D:4)
  4 ribbon worms (Lair:3)
  The ghost of avgcrawlenjoyer the Sneak, a weakling DsDe (D:5)
  2 dart slugs (D:2)
  48 orcs
  6 endoplasms
  A giant cockroach (D:2)
  5 goblins
  2 hobgoblins (D:1)
  11 jackals
  8 quokkas
  14 ball pythons
  5 bats
  3 frilled lizards
  12 kobolds
  5 rats
560 creatures vanquished.

Vanquished Creatures (collateral kills)
  A fire dragon (Lair:5)
  2 hydras
  A boulder beetle (D:11)
  A two-headed ogre (D:11)
  2 occultists (Volcano)
  A skyshark (Lair:5)
  2 spectral death yaks (Lair:4)
  A skeletal warrior (D:14)
  4 orc knights (Orc:2)
  A deep elf zephyrmancer (D:12)
  3 manticores
  A toenail golem (Volcano)
  9 elephants
  An orange demon (Lair:1)
  A molten gargoyle (Lair:5)
  6 cane toads
  An efreet (D:14)
  A komodo dragon (Lair:5)
  A rime drake (Lair:2)
  A kobold demonologist (D:9)
  3 blink frogs
  2 slime creatures
  2 water elementals
  2 humans (D:14)
  A wyvern (Lair:5)
  9 yaks
  2 basilisks
  A hell hound (Lair:5)
  2 water moccasins
  2 orc warriors
  2 centaurs
  A wolf (Lair:5)
  2 kobold brigands
  A bullfrog (D:6)
  A gnoll sergeant (D:10)
  A scorpion (D:6)
  2 wights (D:7)
  2 killer bees (D:10)
  An electric eel (D:9)
  A lava snake (Lair:5)
  2 jellies (Lair:4)
  An orc priest (Orc:2)
  A hound (D:10)
  A gnoll bouda (D:6)
  A sleepcap (D:6)
  4 orc wizards
  2 gnolls
  An adder (D:6)
  8 orcs
  A giant cockroach (Lair:3)
  2 training dummies (D:6)
105 creatures vanquished.

Vanquished Creatures (others)
  2 humans (D:13)
  14 knights
  An orc wizard (Orc:2)
  An orc (Orc:2)
18 creatures vanquished.

Grand Total: 683 creatures vanquished

Notes
Turn   | Place    | Note
-------+----------+-------------------------------------------
     0 | D:1      | NimblePilferer the Spriggan Hunter began the quest for the
                  | Orb.
     0 | D:1      | Reached XP level 1. HP: 10/10 MP: 2/2
   166 | D:1      | Reached skill level 3 in Dodging
   213 | D:1      | Reached XP level 2. HP: 14/14 MP: 3/3
   340 | D:1      | Found a faded altar of an unknown god.
   343 | D:1      | Reached XP level 3. HP: 18/18 MP: 4/4
   884 | D:2      | Reached skill level 5 in Ranged Weapons
   981 | D:2      | Reached XP level 4. HP: 22/22 MP: 5/5
   991 | D:2      | Reached skill level 4 in Dodging
  1444 | D:2      | Reached XP level 5. HP: 19/25 MP: 6/6
  1611 | D:2      | Identified the +9 mace "Suodaum" {venom, MP+9}
  2754 | D:4      | Noticed a black bear
  2757 | D:4      | Noticed Eustachio
  2787 | D:4      | Killed a black bear
  2788 | D:4      | Reached skill level 5 in Dodging
  2788 | D:4      | Reached XP level 6. HP: 30/30 MP: 7/7
  2792 | D:4      | Found a sand-covered staircase.
  3026 | Ossuary  | Entered an ossuary
  3185 | Ossuary  | Reached XP level 7. HP: 16/33 MP: 8/8
  3511 | Ossuary  | Reached skill level 5 in Stealth
  3619 | D:4      | Found a burning altar of Makhleb.
  3699 | D:4      | Noticed Pikel
  4015 | D:4      | Reached XP level 8. HP: 40/40 MP: 9/9
  4318 | D:4      | Noticed Edmund
  4469 | D:4      | Killed Pikel
  4709 | D:4      | Killed Edmund
  5285 | D:4      | Found a glowing golden altar of the Shining One.
  5297 | D:4      | Reached skill level 6 in Dodging
  5459 | D:5      | Entered Level 5 of the Dungeon
  5498 | D:5      | Noticed Menkaure
  5506 | D:5      | Killed Menkaure
  5541 | D:5      | Noticed Ijyb
  5553 | D:5      | Killed Ijyb
  5811 | D:5      | Found a staircase to the Ecumenical Temple.
  5923 | Temple   | Entered the Ecumenical Temple
  5946 | Temple   | Became a worshipper of Hepliaklqana the Forgotten
  5995 | D:5      | Found an ancient bone altar of Kikubaaqudgha.
  6039 | D:5      | Found a transporter.
  6040 | D:5      | Noticed avgcrawlenjoyer's ghost (weakling DsDe)
  6099 | D:5      | Noticed Dowan
  6100 | D:5      | Noticed Duvessa
  6181 | D:5      | Killed Duvessa
  6182 | D:5      | Reached XP level 9. HP: 46/46 MP: 10/10
  6233 | D:5      | Found a transporter.
  6692 | D:5      | Killed Dowan
  6930 | D:5      | Reached skill level 5 in Fighting
  7214 | D:5      | Reached skill level 7 in Dodging
  7399 | D:5      | Killed avgcrawlenjoyer's ghost
  7848 | D:3      | Killed Eustachio
  8534 | D:6      | Reached skill level 10 in Ranged Weapons
  8539 | D:6      | Found a transporter.
  8541 | D:6      | Noticed a boulder beetle
  8544 | D:6      | Found a transporter.
  8561 | D:6      | Found a glowing silver altar of Zin.
  8562 | D:6      | Found a radiant altar of Vehumet.
  8642 | D:6      | Noticed Sigmund
  8646 | D:6      | Killed Sigmund
  8698 | D:6      | Reached * piety under Hepliaklqana
  8751 | D:6      | Reached skill level 8 in Dodging
  9113 | D:6      | Found a blossoming altar of Fedhas.
  9135 | D:6      | Reached XP level 10. HP: 47/47 MP: 11/11
  9797 | D:7      | Noticed a boulder beetle
  9827 | D:7      | Killed a boulder beetle
  9828 | D:7      | Reached skill level 9 in Dodging
 10370 | D:8      | Reached ** piety under Hepliaklqana
 10371 | D:8      | Remembered your ancestor Souptij as a knight
 10428 | D:8      | Found a broken altar of Ashenzari.
 11466 | D:9      | Found a snail-covered altar of Cheibriados.
 11580 | D:9      | Reached skill level 10 in Dodging
 11986 | D:9      | Reached XP level 11. HP: 52/52 MP: 12/12
 12084 | D:9      | Reached *** piety under Hepliaklqana
 12327 | D:10     | Entered Level 10 of the Dungeon
 12465 | D:10     | Noticed a centaur warrior
 12744 | D:10     | Killed a centaur warrior
 12763 | D:10     | Found a staircase to the Lair.
 12783 | D:10     | Found a portal to a secret trove of treasure.
 12821 | D:10     | Found a staircase to the Orcish Mines.
 12847 | D:10     | Found a stormy altar of Qazlal.
 12969 | D:10     | Found a sparkling altar of Nemelex Xobeh.
 12969 | D:10     | Found an iron altar of Okawaru.
 13135 | D:10     | Got the Encyclopedia of Haze
 13343 | D:10     | Found a shadowy altar of Dithmenos.
 13475 | Lair:1   | Entered Level 1 of the Lair of Beasts
 13506 | Lair:1   | Identified the +0 robe "Qutes" {-Cast rElec rPois rC+}
 13515 | Lair:1   | Reached skill level 11 in Dodging
 13548 | Lair:1   | Noticed a catoblepas
 13571 | Lair:1   | Killed a catoblepas
 14068 | Lair:1   | Noticed Amaemon
 14088 | Lair:1   | Killed Amaemon
 14210 | Lair:1   | Reached skill level 12 in Dodging
 14269 | Lair:1   | Reached XP level 12. HP: 53/58 MP: 13/13
 14465 | Lair:2   | Reached **** piety under Hepliaklqana
 14522 | Lair:2   | Identified the +6 trident of Nilileno {freeze, rC++ Str+4
                  | Stlth-}
 14689 | Lair:2   | Noticed a seven-headed hydra
 14700 | Lair:2   | Killed a seven-headed hydra
 14890 | Lair:2   | Found a dark tunnel.
 14932 | Volcano  | Entered a volcano
 14988 | Volcano  | Reached skill level 15 in Ranged Weapons
 15176 | Volcano  | Reached skill level 13 in Dodging
 15421 | Volcano  | Identified the +1 leather armour "Zyecwu" {rPois Int+3}
 16765 | Lair:3   | Reached skill level 1 in Invocations
 16899 | Lair:3   | Reached XP level 13. HP: 63/63 MP: 15/15
 16946 | Lair:3   | Found a hole to the Spider Nest.
 17155 | Lair:3   | Reached skill level 14 in Dodging
 17231 | Lair:3   | Found a staircase to the Shoals.
 17670 | Lair:4   | Noticed Rupert
 17714 | Lair:4   | Paralysed by Rupert for 5 turns
 17732 | Lair:4   | Killed Rupert
 17894 | Lair:4   | Reached skill level 10 in Fighting
 17951 | Lair:4   | Found a sparkling altar of Nemelex Xobeh.
 18013 | Lair:4   | Found a runed translucent gate.
 18013 | Lair:4   | Found a runed translucent gate.
 18013 | Lair:4   | Found a runed translucent gate.
 18045 | Lair:4   | Noticed bmj180's ghost (journeyman HuCj)
 18078 | Lair:4   | Noticed a dire elephant
 18166 | Lair:4   | Killed a dire elephant
 18167 | Lair:4   | Reached skill level 5 in Invocations
 18171 | Lair:4   | Reached skill level 15 in Dodging
 18194 | Lair:4   | Reached ***** piety under Hepliaklqana
 18441 | Lair:4   | Found a viscous altar of Jiyva.
 18464 | Lair:4   | Found a staircase to the Slime Pits.
 19419 | Lair:5   | Entered Level 5 of the Lair of Beasts
 19710 | Lair:5   | Reached XP level 14. HP: 53/69 MP: 19/19
 19941 | Lair:5   | Reached skill level 16 in Dodging
 20079 | Lair:5   | Noticed Snorg
 20099 | Lair:5   | Killed Snorg
 20433 | Lair:5   | Found a large runed translucent door.
 20433 | Lair:5   | Found a large runed translucent door.
 20811 | Lair:5   | Identified the +7 shortbow "Teikoe Orub" {heavy, ^Drain
                  | rElec rN+++ Str-5}
 21108 | D:10     | Identified a scroll of acquirement
 21190 | Orc:1    | Entered Level 1 of the Orcish Mines
 21202 | Orc:1    | You fall into a shaft and drop 1 floor!
 21202 | Orc:2    | Entered Level 2 of the Orcish Mines
 21481 | Orc:1    | Found Nisimmydor's Overcharged Wands.
 22170 | Orc:2    | Found a staircase to the Elven Halls.
 22335 | Orc:2    | Found Byblovvo's Book Emporium.
 22342 | Orc:2    | Reached skill level 17 in Dodging
 22680 | Orc:2    | Found Juqu's Magic Scroll Emporium.
 22711 | Orc:2    | Found Akikylol's Weapon Boutique.
 22711 | Orc:2    | Found Qewocs's Jewellery Boutique.
 22919 | Orc:2    | Bought a scroll of acquirement for 780 gold pieces
 22919 | Orc:2    | Acquired 796 gold pieces
 23068 | D:11     | Found a sacrificial altar of Ru.
 23109 | D:11     | You fall into a shaft and drop 2 floors!
 23209 | D:13     | Noticed Kirke
 23216 | D:13     | Killed Kirke
 23300 | D:12     | Reached XP level 15. HP: 38/75 MP: 22/22
 23650 | D:12     | Found an iron altar of Okawaru.
 25406 | D:13     | Found a runed translucent gate.
 25406 | D:13     | Found a runed translucent gate.
 25406 | D:13     | Found a runed translucent gate.
 25463 | D:13     | Reached ****** piety under Hepliaklqana
 25626 | D:13     | Identified the +2 robe "Xirairuc" {rPois Str+3}
 25870 | D:13     | Found a runed translucent gate.
 25870 | D:13     | Found a runed translucent gate.
 25876 | D:13     | Found a runed translucent gate.
 25884 | D:13     | Noticed Rucoj Isk's ghost (journeyman DrSh)
 26495 | D:14     | Reached skill level 18 in Dodging
 26506 | D:14     | Slain by a vault guard

Illustrated notes

Levels and vault maps discovered:
D:1:      dpeg_arrival_chambers_temple_mockup, layout_loops_ring,
          ebering_ecumenical_altar_sacrificial, st_stairs_11
D:2:      wad_woods_tower, layout_basic
D:3:      layout_basic, nicolae_eternal_life, serial_bayou_lake_a
D:4:      layout_basic, tso_altar, lemuel_round_altar,
          mainiacjoe_ossuary_entry_find_the_door, uniq_eustachio, uniq_pikel,
          uniq_edmund
D:5:      layout_loops_corners, kiku_gazebo_pond_becter,
          minmay_temple_entry_enclosed_plants, gammafunk_ghost_stat_death,
          hangedman_minor_gate_pass, uniq_duvessa, uniq_menkaure, uniq_ijyb
D:6:      dreamdust_elfheim, layout_gridville, gammafunk_temple_overflow_arena,
          minmay_strange_pillars, minmay_ruined_shrine, uniq_sigmund
D:7:      layout_basic
D:8:      layout_loops_corners, mainiacjoe_overflow_six_doors_small,
          hangedman_abyss_or_decor_clamps, grunt_decor_fettered
D:9:      layout_gridville, slow_altar_1, nicolae_have_a_lightning_rod
D:10:     layout_rooms, mainiacjoe_overflow_concentric_impassable,
          nicolae_overflow_hidden_temple, erik_lair_island, enter_trove_2,
          dk_rats_in_the_wall
D:11:     minmay_razor_zed, layout_long_grid, corexii_checkpoint,
          nicolae_ru_sacrificial_ziggurat
D:12:     kennysheep_big_flooded_room, layout_basic, okawaru_humans
D:13:     layout_loops_ring, ploomutoo_gammafunk_ghost_potion_laboratory,
          wad_dig_loot, uniq_kirke
D:14:     layout_loops_ring, hellmonk_vaults_keyhole,
          hangedman_abyss_or_decor_stabs, nemelex_lonely_heart_becter
Temple:   chequers_temple_sunken
Lair:1:   layout_loops_ring, uniq_amaemon
Lair:2:   layout_regular_city, enter_volcano_2
Lair:3:   layout_roguey, minmay_shoals_entry_hut,
          nicolae_spider_entry_non_spiders, infiniplex_staircase_pool,
          lemuel_fruit_fields
Lair:4:   beast_lair_carwin_large_2, layout_cave_pods, slime_entry_2,
          gammafunk_ghost_necromancy, basic_altar, uniq_rupert
Lair:5:   cheibrodos_lair_end_hotspot, layout_regular_city,
          chequers_serial_rivers_small_a, nicolae_lair_grazing_beasts
          [nicolae_sub_lair_graze_edge, nicolae_sub_lair_graze_edge,
          nicolae_sub_lair_graze_edge, nicolae_sub_lair_graze_edge], uniq_snorg
Orc:1:    layout_caves, nicolae_shop_overcharged_wands
Orc:2:    st_orc_elflike, layout_diamond_mine, guppyfry_orc_lava_fort

Skill      XL: |  1  2  3  4  5  6  7  8  9 10 11 12 13 14 15 |
---------------+----------------------------------------------+-----
Dodging        | 3 4 5 6 8 10 12 13 15 17 18 | 18.0
Ranged Weapons | 5 6 7 8 9 10 12 14 15 16 17 | 17.5
Stealth        | 6 8 |  8.0
Fighting       | 3 4 5 7 8 9 10 11 12 | 12.3
Invocations    | 1 6 8 9 |  9.8

Action                     |  1- 3 |  4- 6 |  7- 9 | 10-12 | 13-15 || total
---------------------------+-------+-------+-------+-------+-------++-------
   Fire: Shortbow          |    79 |   201 |   458 |   845 |   976 ||  2559
         Orcbow            |       |       |   140 |    39 |       ||   179
         Arbalest          |       |       |       |       |   439 ||   439
 Invoke: Recall Ancestor   |       |       |       |     2 |     3 ||     5
         Ancestor Life: Kn |       |       |       |     1 |       ||     1
         Idealise          |       |       |       |       |     3 ||     3
  Evoke: Wand              |       |     2 |       |    10 |     3 ||    15
         Lightning rod     |       |       |       |       |     3 ||     3
    Use: Scroll            |       |       |     6 |     6 |    10 ||    22
         Potion            |       |       |       |       |     1 ||     1
 Armour: Robe              |     4 |    43 |    92 |    13 |       ||   152
         Acid dragon scale |       |       |       |    61 |   126 ||   187
  Dodge: Dodged            |    15 |    89 |   269 |   230 |   551 ||  1154

Table legend: (Time is in decaauts)
 A = Elapsed time spent in this place.
 B = Non-inter-level travel time spent in this place.
 C = Inter-level travel time spent in this place.
 D = Time resting spent in this place.
 E = Time spent auto-exploring this place.
 F = Levels seen in this place.
 G = Mean time per level.
                   A        B        C        D        E       F      G
               +--------+--------+--------+--------+--------+-----+--------+
         Total |  19127 |  17596 |   1531 |   2582 |  10693 |  24 |  797.0 |
       Dungeon |  11947 |  11006 |    941 |   1780 |   7067 |  14 |  853.4 |
        Temple |     35 |     17 |     18 |      0 |      0 |   1 |   35.0 |
          Lair |   4843 |   4469 |    374 |    482 |   2614 |   5 |  968.6 |
  Orcish Mines |   1279 |   1082 |    197 |    137 |    631 |   2 |  639.5 |
       Ossuary |    451 |    451 |      0 |     54 |    114 |   1 |  451.0 |
       Volcano |    570 |    570 |      0 |    128 |    265 |   1 |  570.0 |
               +--------+--------+--------+--------+--------+-----+--------+

Top non-repeatable levels by time:
     D:5: 1669 daAuts
     D:3: 1387 daAuts
  Lair:4: 1282 daAuts
     D:4: 1243 daAuts
  Lair:2: 1120 daAuts
  Lair:5: 1047 daAuts
    D:10: 907 daAuts
     D:6: 864 daAuts
     D:9: 860 daAuts
    D:13: 840 daAuts
   Orc:2: 820 daAuts
     D:2: 809 daAuts
  Lair:3: 696 daAuts
  Lair:1: 696 daAuts
    D:11: 688 daAuts
